TOP OF THE 1ST |
Vancouver Vipers batting - Pitching for Mile High Broncos : LHP Juan Garza
|
Pitching: LHP Juan Garza
|
|
Batting: RHB Miguel Palácios
|
0-0: Ball 1-0: Foul Ball, location: 2F 1-1: Called Strike 1-2: Strikes out swinging
|
Batting: SHB Richard Bowman
|
0-0: Swinging Strike 0-1: Swinging Strike 0-2: Ball 1-2: Strikes out swinging
|
Batting: LHB Larry Howard
|
0-0: Ball 1-0: Ball 2-0: Ball 3-0: Called Strike 3-1: DOUBLE (Flyball, 78D)
|
Batting: SHB Henry Copeland
|
0-0: Called Strike 0-1: Ball 1-1: SINGLE (Flyball, 89S) Larry Howard to third Runner from 3rd tries for Home, SAFE, no throw or cutoff
|
Batting: RHB Guillermo Sánchez
|
0-0: Called Strike 0-1: Ball 1-1: Foul Ball, location: 2F 1-2: SINGLE (Line Drive, 7S) Henry Copeland to second
|
Batting: RHB Oscar Rudd
|
0-0: Ground out U3 (Groundball, 3S)
|
Top of the 1st over - 1 run(s), 3 hit(s), 0 error(s), 2 left on base; Vancouver 1 - Mile High 0 |
BOTTOM OF THE 1ST |
Mile High Broncos batting - Pitching for Vancouver Vipers : RHP Jeffrey Campbell
|
Pitching: RHP Jeffrey Campbell
|
|
Batting: SHB Tom Stevens
|
0-0: Ball 1-0: Called Strike 1-1: Ball 2-1: Foul Ball, location: 2F 2-2: Foul Ball, location: 2F 2-2: Foul Ball, location: 2F 2-2: SINGLE (Groundball, 34D)
|
Batting: RHB Su-kweon Yu
|
0-0: Ball Tom Stevens is caught stealing 2nd base 1-0: Ball 2-0: Ground out 5-3 (Groundball, 56)
|
Batting: LHB Tony Báez
|
0-0: Ball 1-0: Swinging Strike 1-1: Fly out, F7 (Popup, 56D)
|
Bottom of the 1st over - 0 run(s), 1 hit(s), 0 error(s), 0 left on base; Vancouver 1 - Mile High 0 |
TOP OF THE 2ND |
Vancouver Vipers batting - Pitching for Mile High Broncos : LHP Juan Garza
|
Batting: RHB Salvador Medine
|
0-0: Called Strike 0-1: Swinging Strike 0-2: Ball 1-2: Fly out, F4 (Popup, 4M)
|
Batting: RHB Bill Little
|
0-0: Swinging Strike 0-1: Ball 1-1: Foul Ball, location: 2F 1-2: Strikes out swinging
|
Batting: RHB Axel Guimont
|
0-0: Ball 1-0: Called Strike 1-1: Called Strike 1-2: Ground out 6-3 (Groundball, 6)
|
Top of the 2nd over - 0 run(s), 0 hit(s), 0 error(s), 0 left on base; Vancouver 1 - Mile High 0 |
BOTTOM OF THE 2ND |
Mile High Broncos batting - Pitching for Vancouver Vipers : RHP Jeffrey Campbell
|
Batting: RHB António Martínez
|
0-0: Ball 1-0: Swinging Strike 1-1: Ball 2-1: Reached on Error, E8 (Flyball, 8LM)
|
Batting: RHB David Moran
|
0-0: Ball 1-0: Ball 2-0: Fly out, F4 (Popup, 4D)
|
Batting: RHB Bo Vickers
|
0-0: Ball 1-0: Ball 2-0: Ball 3-0: Base on Balls António Martínez to second
|
Batting: SHB Héctor Barajas
|
0-0: Fly out, F2 (Popup, 2LF)
|
Batting: RHB José Darias
|
0-0: Called Strike 0-1: Foul Ball, location: 2F 0-2: Ball 1-2: Ball 2-2: Ground out 4-3 (Groundball, 4)
|
Bottom of the 2nd over - 0 run(s), 0 hit(s), 1 error(s), 2 left on base; Vancouver 1 - Mile High 0 |
TOP OF THE 3RD |
Vancouver Vipers batting - Pitching for Mile High Broncos : LHP Juan Garza
|
Batting: RHB Miguel Palácios
|
0-0: Called Strike 0-1: DOUBLE (Line Drive, 34D)
|
Batting: SHB Richard Bowman
|
0-0: Swinging Strike 0-1: Fly out, F3 (Popup, 3F)
|
Batting: LHB Larry Howard
|
0-0: Ball 1-0: Swinging Strike 1-1: Ball 2-1: Fly out, F7 (Line Drive, 78M)
|
Batting: SHB Henry Copeland
|
0-0: Ball Wild Pitch! Miguel Palácios to third 1-0: Foul Ball, location: 2F 1-1: Foul Ball, location: 2F 1-2: Ball 2-2: SINGLE (Groundball, 56D) Miguel Palácios scores
|
Batting: RHB Guillermo Sánchez
|
0-0: Ball 1-0: Ball 2-0: Fly out, F9 (Flyball, 89M)
|
Top of the 3rd over - 1 run(s), 2 hit(s), 0 error(s), 1 left on base; Vancouver 2 - Mile High 0 |
BOTTOM OF THE 3RD |
Mile High Broncos batting - Pitching for Vancouver Vipers : RHP Jeffrey Campbell
|
Batting: RHB Francisco Medina
|
0-0: Ball 1-0: Ball 2-0: Fly out, F7 (Flyball, 78M)
|
Batting: SHB Tom Stevens
|
0-0: Ball 1-0: TRIPLE (Line Drive, 7LM)
|
Batting: RHB Su-kweon Yu
|
0-0: Swinging Strike 0-1: Ball 1-1: Ball 2-1: Ball 3-1: Called Strike 3-2: Fly out, F7 (Line Drive, 7D) Runner from 3rd tags up, SCORES, no throw
|
Batting: LHB Tony Báez
|
0-0: SINGLE (Line Drive, 3D)
|
Batting: RHB António Martínez
|
0-0: SINGLE (Groundball, 34D) Tony Báez to second Runner from 2nd tries for 3rd, SAFE, throw made to third
|
Batting: RHB David Moran
|
0-0: Foul Ball, location: 2F Balk! Tony Báez scores António Martínez to second 0-1: Called Strike 0-2: Ball 1-2: Strikes out swinging
|
Bottom of the 3rd over - 2 run(s), 3 hit(s), 0 error(s), 1 left on base; Vancouver 2 - Mile High 2 |
TOP OF THE 4TH |
Vancouver Vipers batting - Pitching for Mile High Broncos : LHP Juan Garza
|
Batting: RHB Oscar Rudd
|
0-0: Foul Ball, location: 2F 0-1: Foul Ball, location: 2F 0-2: Ball 1-2: Ball 2-2: Ground out 5-3 (Groundball, 5S)
|
Batting: RHB Salvador Medine
|
0-0: Called Strike 0-1: Ball 1-1: Fly out, F9 (Flyball, 9LM)
|
Batting: RHB Bill Little
|
0-0: Ground out 4-3 (Groundball, 4M)
|
Top of the 4th over - 0 run(s), 0 hit(s), 0 error(s), 0 left on base; Vancouver 2 - Mile High 2 |
BOTTOM OF THE 4TH |
Mile High Broncos batting - Pitching for Vancouver Vipers : RHP Jeffrey Campbell
|
Batting: RHB Bo Vickers
|
0-0: Called Strike 0-1: Ground out 5-3 (Groundball, 5S)
|
Batting: SHB Héctor Barajas
|
0-0: Ball 1-0: Foul Ball, location: 2F 1-1: Swinging Strike 1-2: Strikes out swinging
|
Batting: RHB José Darias
|
0-0: Ball 1-0: Swinging Strike 1-1: Ball 2-1: Foul Ball, location: 2F 2-2: Strikes out looking
|
Bottom of the 4th over - 0 run(s), 0 hit(s), 0 error(s), 0 left on base; Vancouver 2 - Mile High 2 |
TOP OF THE 5TH |
Vancouver Vipers batting - Pitching for Mile High Broncos : LHP Juan Garza
|
Batting: RHB Axel Guimont
|
0-0: Ball 1-0: Foul Ball, location: 2F 1-1: Ball 2-1: Ground out 4-3 (Groundball, 4)
|
Batting: RHB Miguel Palácios
|
0-0: Ball 1-0: Foul Ball, location: 2F 1-1: SINGLE (Groundball, 34S)
|
Batting: SHB Richard Bowman
|
0-0: Called Strike 0-1: Called Strike 0-2: Foul Ball, location: 2F 0-2: Ball 1-2: Strikes out swinging
|
Batting: LHB Larry Howard
|
0-0: Called Strike 0-1: Ball Miguel Palácios is caught stealing 2nd base
|
Top of the 5th over - 0 run(s), 1 hit(s), 0 error(s), 0 left on base; Vancouver 2 - Mile High 2 |
BOTTOM OF THE 5TH |
Mile High Broncos batting - Pitching for Vancouver Vipers : RHP Jeffrey Campbell
|
Batting: RHB Francisco Medina
|
0-0: Ball 1-0: Ball 2-0: Called Strike 2-1: Foul Ball, location: 2F 2-2: Fly out, F8 (Flyball, 8LM)
|
Batting: SHB Tom Stevens
|
0-0: Foul Ball, location: 2F 0-1: Ball 1-1: Fly out, F5 (Popup, 5SF)
|
Batting: RHB Su-kweon Yu
|
0-0: Called Strike 0-1: Ball 1-1: Foul Ball, location: 2F 1-2: Ball 2-2: Ball 3-2: Foul Ball, location: 2F 3-2: SINGLE (Flyball, 9LS)
|
Batting: LHB Tony Báez
|
0-0: Ball 1-0: Foul Ball, location: 2F 1-1: Ball 2-1: Fly out, F8 (Flyball, 8LD)
|
Bottom of the 5th over - 0 run(s), 1 hit(s), 0 error(s), 1 left on base; Vancouver 2 - Mile High 2 |
TOP OF THE 6TH |
Vancouver Vipers batting - Pitching for Mile High Broncos : LHP Juan Garza
|
Batting: LHB Larry Howard
|
0-0: Foul Ball, location: 2F 0-1: Foul Ball, location: 2F 0-2: Ball 1-2: Ball 2-2: Strikes out swinging
|
Batting: SHB Henry Copeland
|
0-0: Ball 1-0: Called Strike 1-1: SINGLE (Line Drive, 4M)
|
Batting: RHB Guillermo Sánchez
|
0-0: Called Strike 0-1: Fly out, F9 (Flyball, 9M)
|
Batting: RHB Oscar Rudd
|
0-0: Called Strike 0-1: Foul Ball, location: 2F 0-2: Foul Ball, location: 2F 0-2: Ball 1-2: Ball 2-2: Ground out 1-3 (Groundball, 23)
|
Top of the 6th over - 0 run(s), 1 hit(s), 0 error(s), 1 left on base; Vancouver 2 - Mile High 2 |
BOTTOM OF THE 6TH |
Mile High Broncos batting - Pitching for Vancouver Vipers : RHP Jeffrey Campbell
|
Batting: RHB António Martínez
|
0-0: Fly out, F7 (Flyball, 7M)
|
Batting: RHB David Moran
|
0-0: Ball 1-0: Ball 2-0: Foul Ball, location: 2F 2-1: Called Strike 2-2: Foul Ball, location: 2F 2-2: Ball 3-2: Base on Balls
|
Batting: RHB Bo Vickers
|
0-0: Called Strike 0-1: Ball 1-1: Fly out, F8 (Flyball, 8RM)
|
Batting: SHB Héctor Barajas
|
0-0: SINGLE (Flyball, 7S) David Moran to second
|
Batting: RHB José Darias
|
0-0: Called Strike 0-1: Ball 1-1: Called Strike 1-2: Ball 2-2: Ball 3-2: Base on Balls David Moran to third Héctor Barajas to second
|
Batting: RHB Francisco Medina
|
0-0: SINGLE (Line Drive, 9LS) David Moran scores Héctor Barajas to third José Darias to second Runner from 3rd tries for Home, SAFE, no throw or cutoff
|
Batting: SHB Tom Stevens
|
0-0: Ball 1-0: Called Strike 1-1: SINGLE (Line Drive, 4MD) José Darias to third Francisco Medina to second Runner from 3rd tries for Home, SAFE, no throw or cutoff
|
Pitching: RHP Vincent Cox
|
|
Batting: RHB Su-kweon Yu
|
0-0: Called Strike 0-1: Foul Ball, location: 2F 0-2: Ball 1-2: DOUBLE (Line Drive, 7LS) Francisco Medina scores Tom Stevens to third Runner from 3rd tries for Home, SAFE, no throw or cutoff
|
Batting: LHB Tony Báez
|
0-0: Called Strike 0-1: Ball 1-1: Swinging Strike 1-2: Ball 2-2: Ball 3-2: Foul Ball, location: 2F 3-2: Base on Balls
|
Batting: RHB António Martínez
|
0-0: Ball 1-0: Ball 2-0: Foul Ball, location: 2F 2-1: Ball 3-1: Swinging Strike 3-2: Base on Balls Su-kweon Yu to third Tony Báez to second
|
Batting: RHB David Moran
|
0-0: Called Strike 0-1: Foul Ball, location: 2F 0-2: Strikes out swinging
|
Bottom of the 6th over - 5 run(s), 4 hit(s), 0 error(s), 3 left on base; Vancouver 2 - Mile High 7 |
TOP OF THE 7TH |
Vancouver Vipers batting - Pitching for Mile High Broncos : LHP Juan Garza
|
Batting: RHB Salvador Medine
|
0-0: Called Strike 0-1: Ball 1-1: Called Strike 1-2: Ball 2-2: Ground out 5-3 (Groundball, 15S)
|
Batting: RHB Bill Little
|
0-0: Called Strike 0-1: Called Strike 0-2: Ground out 3-1 (Groundball, 34)
|
Batting: RHB Axel Guimont
|
0-0: Ball 1-0: Foul Ball, location: 2F 1-1: Foul Ball, location: 2F 1-2: Foul Ball, location: 2F 1-2: Foul Ball, location: 2F 1-2: Fly out, F9 (Flyball, 89M)
|
Top of the 7th over - 0 run(s), 0 hit(s), 0 error(s), 0 left on base; Vancouver 2 - Mile High 7 |
BOTTOM OF THE 7TH |
Mile High Broncos batting - Pitching for Vancouver Vipers : RHP Vincent Cox
|
Batting: RHB Bo Vickers
|
0-0: Called Strike 0-1: Swinging Strike 0-2: SINGLE (Line Drive, 6MD)
|
Batting: SHB Héctor Barajas
|
0-0: Sac Bunt - play at first, batter OUT! 1-3 Bo Vickers to second
|
Batting: RHB José Darias
|
0-0: Called Strike 0-1: Swinging Strike 0-2: Ball 1-2: Ball 2-2: Ball 3-2: Strikes out looking
|
Batting: RHB Francisco Medina
|
0-0: DOUBLE (Groundball, 5L) Bo Vickers scores
|
Batting: SHB Tom Stevens
|
0-0: Foul Ball, location: 2F 0-1: Foul Ball, location: 2F 0-2: Fly out, F5 (Popup, 5F)
|
Bottom of the 7th over - 1 run(s), 2 hit(s), 0 error(s), 1 left on base; Vancouver 2 - Mile High 8 |
TOP OF THE 8TH |
Vancouver Vipers batting - Pitching for Mile High Broncos : LHP Juan Garza
|
Pitching: LHP Jorge García
|
|
Batting: RHB Miguel Palácios
|
0-0: Ball 1-0: Ball 2-0: Swinging Strike 2-1: Foul Ball, location: 2F 2-2: Foul Ball, location: 2F 2-2: Foul Ball, location: 2F 2-2: Ball 3-2: Base on Balls
|
Batting: SHB Richard Bowman
|
0-0: SINGLE (Flyball, 9LM) Miguel Palácios to second Runner from 2nd tries for 3rd, SAFE, no throw or cutoff
|
Batting: LHB Larry Howard
|
0-0: Called Strike 0-1: Ball 1-1: Fly out, F9 (Flyball, 89D) Runner from 3rd tags up, SCORES, no throw
|
Batting: SHB Henry Copeland
|
0-0: DOUBLE (Flyball, 78XD) Richard Bowman to third
|
Batting: RHB Guillermo Sánchez
|
0-0: Foul Ball, location: 2F 0-1: Ground out 6-3 (Groundball, 6) Richard Bowman scores
|
Batting: RHB Oscar Rudd
|
0-0: SINGLE (Line Drive, 9S) Henry Copeland to third Runner from 3rd tries for Home, SAFE, no throw or cutoff
|
Pitching: RHP Hokusai Nakashima
|
|
Batting: RHB Salvador Medine
|
0-0: Ball 1-0: Ball 2-0: Ball 3-0: Called Strike 3-1: Swinging Strike 3-2: Strikes out swinging
|
Top of the 8th over - 3 run(s), 3 hit(s), 0 error(s), 1 left on base; Vancouver 5 - Mile High 8 |
BOTTOM OF THE 8TH |
Mile High Broncos batting - Pitching for Vancouver Vipers : RHP Vincent Cox
|
Batting: RHB Su-kweon Yu
|
0-0: Ball 1-0: Ball 2-0: Foul Ball, location: 2F 2-1: Ball 3-1: Base on Balls
|
Batting: LHB Tony Báez
|
0-0: Ball 1-0: Foul Ball, location: 2F 1-1: Ball 2-1: Ball 3-1: Base on Balls Su-kweon Yu to second
|
Batting: RHB António Martínez
|
0-0: Foul Ball, location: 2F 0-1: Called Strike 0-2: Strikes out swinging
|
Pitching: RHP Jeff Lynn
|
|
Batting: RHB David Moran
|
0-0: Called Strike 0-1: Ball 1-1: SINGLE (Groundball, 34D) Su-kweon Yu to third Tony Báez to second
|
Pinch Hitting: LHB Pat Weaver
|
0-0: Called Strike 0-1: Called Strike 0-2: Ball 1-2: Ball 2-2: Fly out, F8 (Flyball, 8LXD) Runner from 3rd tags up, SCORES, no throw
|
Batting: SHB Héctor Barajas
|
0-0: Ball 1-0: Called Strike 1-1: Called Strike 1-2: Ball 2-2: Ground out 6-3 (Groundball, 6)
|
Bottom of the 8th over - 1 run(s), 1 hit(s), 0 error(s), 2 left on base; Vancouver 5 - Mile High 9 |
TOP OF THE 9TH |
Vancouver Vipers batting - Pitching for Mile High Broncos : RHP Hokusai Nakashima
|
Now at 3B: Enrique Bermúdez
|
|
Batting: RHB Bill Little
|
0-0: Called Strike 0-1: Swinging Strike 0-2: DOUBLE (Line Drive, 3D)
|
Batting: RHB Axel Guimont
|
0-0: Ball 1-0: Foul Ball, location: 2F 1-1: Ball Wild Pitch! Bill Little to third 2-1: Foul Ball, location: 2F 2-2: Foul Ball, location: 2F 2-2: Strikes out swinging
|
Batting: RHB Miguel Palácios
|
0-0: Ball 1-0: Fly out, F4 (Popup, 4D)
|
Batting: SHB Richard Bowman
|
0-0: SINGLE (Line Drive, 6MD) Bill Little scores
|
Pitching: RHP Tony Marrero
|
|
Batting: LHB Larry Howard
|
0-0: Ball 1-0: Ball 2-0: Ball 3-0: Called Strike 3-1: Fly out, F6 (Popup, 6M)
|
Top of the 9th over - 1 run(s), 2 hit(s), 0 error(s), 1 left on base; Vancouver 6 - Mile High 9 |
|